 Dungeon Crawl Stone Soup version 0.30-a0-371-gad7725a93e (webtiles) character file.

Game seed: 16841700486268991751

96 Lobster4 the Shooter (level 4, 0/38 HPs)
             Began as a Minotaur Hunter on Nov 21, 2022.
             Slain by a white imp (3 damage)
             ... summoned by Natasha
             ... on level 2 of the Dungeon.
             The game lasted 00:03:04 (1019 turns).

Lobster4 the Shooter (Minotaur Hunter)              Turns: 1019, Time: 00:03:05

Health: 0/38       AC:  3    Str: 15    XL:     4   Next: 41%
Magic:  3/3        EV: 12    Int:  6    God:
Gold:   48         SH:  0    Dex: 16    Spells: 3/3 levels left

rFire   . . .      SeeInvis .    a - +0 shortbow
rCold   . . .      Faith    .    (shield currently unavailable)
rNeg    . . .      Spirit   .    c - +0 leather armour
rPois   .          Reflect  .    (helmet restricted)
rElec   .          Harm     .    (no cloak)
rCorr   .          Rampage  .    (no gloves)
Will    .....                    (no boots)
Stlth   ++........               (no amulet)
HPRegen 0.26/turn                (no ring)
MPRegen 0.08/turn                (no ring)

@: no status effects
A: horns 2, retaliatory headbutt
a: no special abilities


You were on level 2 of the Dungeon.
You visited 1 branch of the dungeon, and saw 2 of its levels.

You collected 48 gold pieces.

Inventory:

Hand Weapons
 a - a +0 shortbow (weapon)
 b - a +0 whip of electrocution
 h - a +0 spear
 m - a +1 dagger of speed
 n - a +0 sling
Missiles
 l - 6 poisoned darts
Armour
 c - a +0 leather armour (worn)
 j - a +0 ring mail
Magical Staves
 k - a staff of earth
Scrolls
 d - 2 scrolls of teleportation
 f - 2 scrolls of amnesia {unknown}
 g - a scroll of immolation
 i - a scroll of identify {unknown}
Potions
 e - a potion of flight {unknown}
 o - a potion of attraction {unknown}
 p - a potion of magic {unknown}
 q - a potion of cancellation {unknown}


   Skills:
 + Level 3.5 Fighting
 * Level 5.6 Ranged Weapons
 - Level 3.0 Dodging
 - Level 1.0 Stealth


You had 3 spell levels left.
You didn't know any spells.
Your spell library contained the following spells:

 Spells                   Type           Power      Damage    Failure   Level
 Hailstorm                Conj/Ice       0%         3d3       88%         3
 Ice Form                 Ice/Tmut       0%         N/A       99%         4
 Summon Ice Beast         Ice/Summ       0%         N/A       99%         4
 Summon Mana Viper        Hex/Summ       0%         N/A       100%        5
 Simulacrum               Ice/Necr       0%         N/A       100%        6
 Monstrous Menagerie      Summ           0%         N/A       100%        7


Dungeon Overview and Level Annotations

Branches:
Dungeon (2/15)

Altars:

Annotations:
D:2 Natasha


Innate Abilities, Weirdness & Mutations

You have a pair of horns on your head.
You reflexively headbutt those who attack you in melee.


Message History

You shoot an arrow. The arrow barely misses Natasha.
The arrow hits the white imp but does no damage.
The white imp is heavily wounded.
Natasha extends her claws.
You shoot an arrow. The arrow barely misses Natasha.
The arrow hits the white imp but does no damage.
The white imp is heavily wounded.
You shoot an arrow. The arrow hits Natasha.
Natasha is moderately wounded.
Natasha wildly gestures.
Natasha shimmers violently.
Natasha closely misses you. You furiously retaliate!
You headbutt Natasha.
The white imp picks up a beetle and eats it.
You shoot an arrow. The arrow barely misses Natasha.
The arrow barely misses the white imp.
Natasha howls an incantation.
You feel troubled. Natasha misses you. Natasha casts a spell at you.
You resist with some effort.
You shoot an arrow. The arrow hits Natasha.
Natasha is almost dead.
The white imp hits you. The white imp freezes you. The iron imp hits you!
Natasha claws you.
You shoot an arrow. The arrow closely misses Natasha.
The white imp closely misses you. The iron imp barely misses you.
Natasha claws you. The white imp hits you. The white imp freezes you.
You are too injured to fight recklessly!
You are too injured to fight recklessly!
Fire: a) +0 shortbow
Press: ? - help, Q - select action, (/) - cycle Shift-Dir - straight line, f/p - Natasha
Aim: Natasha (almost dead, 56% to hit)
You shoot an arrow. The arrow hits Natasha.
Natasha is almost dead.
Natasha claws you!
* * * LOW HITPOINT WARNING * * *
The iron imp closely misses you. The white imp hits you.
* * * LOW HITPOINT WARNING * * *
The white imp freezes you.
You die...

#..#.... #
####'#####>.......# #
#.......##.....#..#.#
#.......##.......<#.#
#...†...##.#..#.#....
#.......##...........
#.......##..#.....#
#..5h5..)...#...#.##
####@..###.##...#..##
#...# #....##.....
#...# #######.....
#...# #..... #...#
####..... #...#
#........ #...#
#.....#.. #...#
#.....##' #####
#.....#..


You could see an iron imp (summoned), Natasha and a white imp (summoned).

Vanquished Creatures
  Natasha (D:2)
  3 adders (D:2)
  A dart slug (D:1)
  4 endoplasms
  4 giant cockroaches
  3 goblins (D:2)
  2 hobgoblins
  A jackal (D:2)
  3 quokkas
  2 ball pythons
  4 bats
  2 frilled lizards
  5 kobolds
  6 rats
41 creatures vanquished.

Notes
Turn   | Place    | Note
-------+----------+-------------------------------------------
     0 | D:1      | Lobster4 the Minotaur Hunter began the quest for the Orb.
     0 | D:1      | Reached XP level 1. HP: 18/18 MP: 0/0
   155 | D:1      | Reached skill level 1 in Stealth
   207 | D:1      | Reached XP level 2. HP: 23/25 MP: 1/1
   748 | D:2      | Reached XP level 3. HP: 29/30 MP: 2/2
   753 | D:2      | Reached skill level 5 in Ranged Weapons
   881 | D:2      | Reached XP level 4. HP: 24/38 MP: 3/3
   993 | D:2      | Noticed Natasha
   997 | D:2      | Killed Natasha
  1009 | D:2      | Noticed Natasha
  1019 | D:2      | Slain by a white imp

Illustrated notes

Levels and vault maps discovered:
D:1:      amcnicky_arrival_flooded_fountain, layout_loops_ring
D:2:      layout_basic, st_stairs_8, uniq_natasha

Skill      XL: |  1  2  3 |
---------------+----------+-----
Stealth        | 1 |  1.0
Ranged Weapons | 5 |  5.6
Fighting       | 3 |  3.5
Dodging        | 3 |  3.0

Action                   |  1- 3 |  4- 6 || total
-------------------------+-------+-------++-------
 Fire: Shortbow          |    97 |    17 ||   114
  Use: Scroll            |       |     1 ||     1
Armor: Leather armour    |    18 |       ||    18
Dodge: Dodged            |    34 |     6 ||    40

Table legend: (Time is in decaauts)
 A = Elapsed time spent in this place.
 B = Non-inter-level travel time spent in this place.
 C = Inter-level travel time spent in this place.
 D = Time resting spent in this place.
 E = Time spent auto-exploring this place.
 F = Levels seen in this place.
 G = Mean time per level.
                   A        B        C        D        E       F      G
               +--------+--------+--------+--------+--------+-----+--------+
         Total |   1050 |   1045 |      5 |      0 |    795 |   2 |  525.0 |
       Dungeon |   1050 |   1045 |      5 |      0 |    795 |   2 |  525.0 |
               +--------+--------+--------+--------+--------+-----+--------+

Top non-repeatable levels by time:
     D:1: 704 daAuts
     D:2: 346 daAuts
